 Dungeon Crawl Stone Soup version 0.29.0-3-gbb0933ed62 (webtiles) character file.

Game seed: 5849520099398553015

88 voltaire321 the Sneak (level 4, -8/28 HPs)
             Began as an Octopode Earth Elementalist on Aug 26, 2022.
             Killed from afar by Ijyb (12 damage)
             ... with a puff of flame
             ... on level 3 of the Dungeon.
             The game lasted 00:04:50 (2057 turns).

voltaire321 the Sneak (Octopode Earth Elementalist) Turns: 2057, Time: 00:04:51

Health: -8/28      AC:  1    Str: 13    XL:     4   Next: 54%
Magic:  5/7        EV: 17    Int: 19    God:
Gold:   168        SH:  0    Dex: 12    Spells: 2/8 levels left

rFire   . . .      SeeInvis .   n - +1 short sword (venom)
rCold   . . .      Faith    .   (no shield)
rNeg    . . .      Spirit   .   (helmet restricted)
rPois   .          Reflect  .   (no amulet)
rElec   .          Harm     .   e - +4 ring of evasion
rCorr   .          Rampage  .   o - +6 ring of strength
Will    .....                   (no ring)
Stlth   +++.......              (no ring)
HPRegen 0.09/turn               (no ring)
MPRegen 0.10/turn               (no ring)
                                (no ring)
                                (no ring)

@: no status effects
A: almost no armour, amphibious, 8 rings, camouflage 1, gelatinous body 1,
(nimble swimmer 1), tentacles
a: no special abilities


You were on level 3 of the Dungeon.
You visited 1 branch of the dungeon, and saw 3 of its levels.

You collected 168 gold pieces.

Inventory:

Hand Weapons
 c - a +2 short sword of speed
 m - the +7 flail of the Sea {freeze, *Slow rElec Str+5}
   (You found it on level 2 of the Dungeon)

   It freezes those it strikes, dealing additional cold damage.
   It can also slow down cold-blooded creatures.
   Str:       It affects your strength (+5).
   rElec:     It insulates you from electricity.
   *Slow:     It may slow you when you take damage.
 n - a +1 short sword of venom (weapon)
Jewellery
 e - a +4 ring of evasion (left tentacle)
 o - a +6 ring of strength (right tentacle)
Wands
 f - a wand of iceblast (6)
Scrolls
 d - 3 scrolls of teleportation {unknown}
 g - 2 scrolls of identify {unknown}
 h - a scroll of noise {unknown}
 j - a scroll of acquirement {unknown}
 l - a scroll of butterflies {unknown}
Potions
 a - a potion of magic
 b - a potion of curing {unknown}
 i - a potion of haste {unknown}
 k - a potion of resistance {unknown}


   Skills:
 + Level 1.3 Fighting
 + Level 2.6 Dodging
 + Level 3.7 Stealth
 + Level 2.5 Spellcasting
 + Level 0.6 Conjurations
 - Level 1.0 Transmutations
 + Level 3.5 Earth Magic


You had 2 spell levels left.
You knew the following spells:

 Your Spells              Type           Power      Damage    Failure   Level
a - Sandblast             Erth           30%        2d9       3%          1
b - Passwall              Tmut/Erth      9%         N/A       10%         2
c - Stone Arrow           Conj/Erth      20%        3d8       21%         3

Your spell library contained the following spells:

 Spells                   Type           Power      Damage    Failure   Level
 Petrify                  Tmut/Erth      11%        N/A       54%         4


Dungeon Overview and Level Annotations

Branches:
Dungeon (3/15)

Altars:

Annotations:
D:3 Ijyb


Innate Abilities, Weirdness & Mutations

You cannot wear most types of armour.
You are amphibious.
You can wear up to eight rings at the same time.
Your skin changes colour to match your surroundings (Stealth+).
Your rubbery body absorbs attacks. (AC +1, EV +1)
((You are camouflaged when in or above water. (Stealth+)))
You have tentacles for arms and can constrict up to eight enemies at once.


Message History

The blast of sand hits Ijyb but does no damage.
Ijyb shouts!
Ijyb zaps a wand.
The puff of flame hits you!
Casting: Sandblast (safe; 3% risk of failure)
Confirm with . or Enter, or press ? or * to list all spells.
Aiming: Sandblast (safe; 3% risk of failure)
Press: ? - help, Shift-Dir - straight line, f/p - Ijyb
Aim: Ijyb, wielding a +0 club, wearing a +1 leather armour of fire resistance and carrying a wand of flame (17) (77% to hit)
The blast of sand hits Ijyb.
Ijyb is lightly wounded.
You barely miss Ijyb. Your grab misses Ijyb. Your squeeze misses Ijyb.
Ijyb is lightly wounded.
Ijyb barely misses you.
You closely miss Ijyb. Your grab misses Ijyb.
Ijyb is lightly wounded.
Ijyb closely misses you.
Ijyb zaps a wand.
The puff of flame hits you!
You hit the dart slug.
The dart slug is poisoned.
You grab the dart slug.
The dart slug is lightly wounded.
You constrict the dart slug. The dart slug launches a dart at you.
The slug dart misses you. Ijyb hits you with a +0 club.
* * * LOW HITPOINT WARNING * * *
You hit the dart slug.
The dart slug looks as sick as possible!
You squeeze the dart slug.
You kill the dart slug!
Ijyb zaps a wand.
The puff of flame misses you.
You hit Ijyb but do no damage. You grab Ijyb.
You squeeze Ijyb, but do no damage.
Ijyb is lightly wounded.
You constrict Ijyb. Ijyb barely misses you.
Casting: Sandblast (safe; 3% risk of failure)
Confirm with . or Enter, or press ? or * to list all spells.
Aiming: Sandblast (safe; 3% risk of failure)
Press: ? - help, Shift-Dir - straight line, f/p - Ijyb
Aim: Ijyb, wielding a +0 club, wearing a +1 leather armour of fire resistance and carrying a wand of flame (15) (lightly wounded, constricted by you, 98% to hit)
The blast of sand hits Ijyb!
Ijyb is heavily wounded.
You constrict Ijyb.
Ijyb zaps a wand.
The puff of flame hits you!
You die...

#.. #.# #.#
#### #.#
..####.#
.......# #.#
#g†# #.# #.@#
#. #.###..#####
#.#
###..†........#
#.#
#.....##.####.#
#.#
#.###.####.#
#.#
#.#..........
#####.#
#.#.#.####.#.
#.....###.....#
............###


You could see Ijyb.

Vanquished Creatures
  4 adders (D:2)
  2 worms (D:2)
  A dart slug (D:3)
  2 endoplasms (D:1)
  3 giant cockroaches
  2 goblins (D:2)
  6 hobgoblins
  2 jackals (D:2)
  4 quokkas
  4 ball pythons
  5 bats
  3 frilled lizards
  3 kobolds (D:1)
  4 rats
  A toadstool (D:1)
46 creatures vanquished.

Vanquished Creatures (others)
  A fungus (D:1)
  3 toadstools (D:1)
4 creatures vanquished.

Grand Total: 50 creatures vanquished

Notes
Turn   | Place    | Note
-------+----------+-------------------------------------------
     0 | D:1      | voltaire321 the Octopode Earth Elementalist began the quest
                  | for the Orb.
     0 | D:1      | Reached XP level 1. HP: 11/11 MP: 3/3
    87 | D:1      | Found a faded altar of an unknown god.
   199 | D:1      | Reached XP level 2. HP: 18/18 MP: 3/5
   789 | D:2      | Identified the +7 flail of the Sea {freeze, *Slow rElec
                  | Str+5}
   816 | D:2      | Reached XP level 3. HP: 20/22 MP: 6/6
   867 | D:2      | Reached skill level 1 in Fighting
   945 | D:2      | Learned a level 2 spell: Passwall
   949 | D:2      | Learned a level 3 spell: Stone Arrow
  1274 | D:2      | Reached XP level 4. HP: 28/28 MP: 7/7
  2049 | D:3      | Noticed Ijyb
  2057 | D:3      | Killed from afar by Ijyb

Illustrated notes

Levels and vault maps discovered:
D:1:      amcnicky_arrival_flooded_fountain, layout_rooms,
          ebering_ecumenical_altar_rust, dk_noncrumbling_2,
          minmay_gold_behind_fungi, interstate_on_off, minmay_misc_feat_plants,
          minmay_door_square
D:2:      layout_basic
D:3:      layout_loops_ring, uniq_ijyb

Skill      XL: |  1  2  3 |
---------------+----------+-----
Stealth        | 3 |  3.7
Fighting       | 1 |  1.3
Dodging        | |  2.6
Spellcasting   | |  2.5
Conjurations   | |  0.6
Transmutations | |  1.0
Earth Magic    | |  3.5

Action                   |  1- 3 |  4- 6 || total
-------------------------+-------+-------++-------
Melee: Short sword       |    24 |    22 ||    46
       Tentacles         |    11 |     5 ||    16
       Constrict         |     7 |     6 ||    13
 Cast: Sandblast         |    34 |     3 ||    37
 Stab: Sleeping          |     3 |     3 ||     6
Armor: Skin              |     1 |     1 ||     2
Dodge: Dodged            |    24 |    13 ||    37
